 Dungeon Crawl Stone Soup version 0.25.1-2-g60ff931df9 (webtiles) character file.

Game seed: 1648050334868215399

64 soggyman666 the Covered (level 3, -1/33 HPs)
             Began as a Minotaur Fighter on Nov 5, 2020.
             Slain by Sigmund
             ... wielding a +0 scythe of protection
              (3 damage)
             ... on level 3 of the Dungeon.
             The game lasted 00:02:14 (2202 turns).

soggyman666 the Covered (Minotaur Fighter)          Turns: 2202, Time: 00:02:15

Health: -1/33      AC:  7    Str: 21    XL:     3   Next: 91%
Magic:  2/2        EV:  7    Int:  5    God:
Gold:   123        SH:  9    Dex:  9    Spells: 2/2 levels left

rFire    . . .     SeeInvis .   a - +0 war axe
rCold    . . .     Gourm    .   c - +0 kite shield
rNeg     . . .     Faith    .   b - +0 scale mail
rPois    .         Spirit   .   (helmet restricted)
rElec    .         Reflect  .   (no cloak)
rCorr    .         Harm     .   (no gloves)
MR       .....                  (no boots)
Stlth    ..........             (no amulet)
HPRegen  0.11/turn              (no ring)
MPRegen  0.08/turn              (no ring)

@: no status effects
A: retaliatory headbutt, horns 2
a: no special abilities


You were on level 3 of the Dungeon.
You were not hungry.

You visited 1 branch of the dungeon, and saw 3 of its levels.

You collected 123 gold pieces.

Inventory:

Hand Weapons
 a - a +0 war axe (weapon)
Armour
 b - a +0 scale mail (worn)
 c - a +0 kite shield (worn)
Jewellery
 j - an uncursed amulet of reflection {unknown}
 m - a +4 ring of slaying {unknown}
Wands
 n - a wand of iceblast (3)
Scrolls
 e - a scroll of teleportation
Potions
 d - 3 potions of might
 g - 2 potions of mutation {unknown}
 h - 2 potions of cancellation
 i - a potion of ambrosia {unknown}
Comestibles
 f - 3 rations


   Skills:
 + Level 4.1 Fighting
 + Level 3.0 Axes
 + Level 4.4 Armour
 + Level 0.7 Dodging
 + Level 4.3 Shields
 * Level 0.1 Evocations


You had 2 spell levels left.
You didn't know any spells.
Your spell library was empty.

Dungeon Overview and Level Annotations

Branches:
Dungeon (3/15)

Altars:
Sif Muna

Annotations:
D:3 Sigmund


Innate Abilities, Weirdness & Mutations

You reflexively headbutt those who attack you in melee.
You have a pair of horns on your head.


Message History

Sigmund closely misses you.
You closely miss Sigmund.
Sigmund hits you with a +0 scythe of protection.
Your shield prevents you from hitting Sigmund.
You block Sigmund's attack.
You hit Sigmund but do no damage.
Sigmund gestures wildly while chanting.
Sigmund flickers and vanishes!
Deactivating autopickup; reactivate with Ctrl-A.
You slash the hobgoblin!
You kill the hobgoblin!
You hit something. Something hits you!
You are too injured to fight recklessly!
You are too injured to fight recklessly!
You are too injured to fight recklessly!
You miss something. Something hits you!
* * * LOW HITPOINT WARNING * * *
Your shield prevents you from hitting something.
Your headbutt misses something. Something hits you.
You die...

#........# #........#
##........# ......... #
#.###...$.#
#...........#
#####.#..##.....#
..........##.....#
.......#..#.....@#!
.......<..#.....){#
#.........#.....(#.#
#.......>.........#.#
#................#.#.#
#.................#.#.#
.............#+#.#.#.#..
#......#....#.#[#.#.#.#.
#......#####+#+ #.


There were no monsters in sight!

Vanquished Creatures
  An adder (D:2)
  A worm (D:2)
  A dart slug (D:2)
  2 leopard geckos (D:2)
  4 giant cockroaches
  6 goblins
  6 hobgoblins
  2 jackals (D:1)
  A quokka (D:2)
  9 bats
  2 frilled lizards (D:2)
  3 kobolds
  8 rats
46 creatures vanquished.

Notes
Turn   | Place    | Note
-------+----------+-------------------------------------------
     0 | D:1      | soggyman666 the Minotaur Fighter began the quest for the
                  | Orb.
     0 | D:1      | Reached XP level 1. HP: 19/19 MP: 0/0
   223 | D:1      | Reached XP level 2. HP: 27/27 MP: 1/1
   985 | D:2      | Reached XP level 3. HP: 29/33 MP: 2/2
  1281 | D:2      | Found a shimmering blue altar of Sif Muna.
  2191 | D:3      | Noticed Sigmund
  2202 | D:3      | Slain by Sigmund

Illustrated notes

Levels and vault maps discovered:
D:1:      elethiomel_arrival_diamonds, layout_basic
D:2:      layout_basic, led_sif_pool
D:3:      layout_basic, nicolae_ru_great_annihilating_truth, uniq_sigmund

Skill      XL: |  1  2  3 |
---------------+----------+-----
Fighting       | 4 |  4.1
Shields        | 4 |  4.3
Armour         | 4 |  4.4
Axes           | 3 |  3.0
Dodging        | |  0.7
Evocations     | |  0.1

Action                   || total
-------------------------++-------
Melee: War axe           ||   123
       Headbutt          ||    16
  Use: Scroll            ||     3
  Eat: Chunk             ||     4
Armor: Scale mail        ||    61
Dodge: Dodged            ||    25
Block: Kite shield       ||    87
